 Dungeon Crawl Stone Soup version 0.29-a0-352-g0917bc69df (webtiles) character file.

Game seed: 11870792604219620854

586 greenreed the Ducker (level 7, -6/43 (60) HPs)
             Began as a Gnoll Monk on Apr 23, 2022.
             Was an Elder of Zin.
             Mangled by Duvessa
             ... wielding a +2 rapier of draining
              (7 damage)
             ... on level 4 of the Dungeon.
             The game lasted 00:12:43 (5869 turns).

greenreed the Ducker (Gnoll Monk)                   Turns: 5869, Time: 00:12:44

HP:   -6/43 (60)    AC:  3    Str: 13    XL:     7   Next: 37%
MP:   10/10         EV: 15    Int:  9    God:    Zin [****..]
Gold: 173           SH:  0    Dex: 14    Spells: 10/10 levels left

rFire   + . .      SeeInvis .   g - +2 spear (freeze)
rCold   . . .      Faith    .   (no shield)
rNeg    . . .      Spirit   .   b - +0 robe
rPois   .          Reflect  .   (no helmet)
rElec   .          Harm     .   w - +0 cloak {Will+}
rCorr   .          Rampage  .   (no gloves)
Will    +....                   (no boots)
Stlth   +++.......              (no amulet)
HPRegen 0.14/turn               q - ring of protection from fire
MPRegen 0.12/turn               (no ring)

@: on recite cooldown, very heavily drained
A: fangs 1, strong nose, distributed training
a: Renounce Religion, Recite, Vitalisation, Imprison, Donate Gold


You were on level 4 of the Dungeon.
You worshipped Zin.
Zin was greatly pleased with you.
You visited 1 branch of the dungeon, and saw 4 of its levels.

You collected 192 gold pieces.
You donated 19 gold pieces to Zin.

Inventory:

Hand Weapons
 a - a +0 mace
 g - a +2 spear of freezing (weapon)
Missiles
 r - 4 atropa-tipped darts (quivered)
Armour
 b - a +0 robe (worn)
 w - a +0 cloak of willpower (worn)
Magical Staves
 e - a staff of earth
Jewellery
 q - a ring of protection from fire (left hand)
Scrolls
 c - a scroll of fog {unknown}
 d - a scroll of noise {unknown}
 l - 2 scrolls of brand weapon {unknown}
 n - 2 scrolls of teleportation {unknown}
 p - 3 scrolls of amnesia {unknown}
 s - 2 scrolls of magic mapping {unknown}
 t - a scroll of identify {unknown}
 u - 2 scrolls of vulnerability {unknown}
Potions
 f - a potion of magic {unknown}
 h - a potion of attraction {unknown}
 i - a potion of haste
 j - a potion of brilliance {unknown}
 k - 3 potions of might
 m - 2 potions of heal wounds {unknown}
 o - 2 potions of lignification {unknown}
 v - a potion of flight {unknown}


   Skills:
 + Level 7.0 Fighting
 + Level 2.4 Short Blades
 + Level 2.4 Long Blades
 + Level 2.4 Axes
 + Level 7.0 Maces & Flails
 + Level 2.4 Polearms
 + Level 2.4 Staves
 + Level 2.4 Slings
 + Level 2.4 Bows
 + Level 2.4 Crossbows
 + Level 2.4 Throwing
 + Level 2.4 Armour
 + Level 7.0 Dodging
 + Level 4.9 Stealth
 + Level 2.4 Shields
 + Level 2.4 Unarmed Combat
 + Level 2.4 Spellcasting
 + Level 2.0 Conjurations
 + Level 2.0 Hexes
 + Level 2.0 Summonings
 + Level 2.0 Necromancy
 + Level 2.0 Translocations
 + Level 2.0 Transmutations
 + Level 2.0 Fire Magic
 + Level 2.0 Ice Magic
 + Level 2.0 Air Magic
 + Level 2.0 Earth Magic
 + Level 2.0 Poison Magic
 + Level 2.7 Invocations
 + Level 2.4 Evocations


You had 10 spell levels left.
You didn't know any spells.
Your spell library contained the following spells:

 Spells                   Type           Power      Damage    Failure   Level
 Slow                     Hex            16%        N/A       14%         1
 Corpse Rot               Necr/Air       8%         N/A       22%         2
 Poisonous Vapours        Pois/Air       8%         N/A       22%         2
 Confusing Touch          Hex            4%         N/A       38%         3
 Vampiric Draining        Necr           4%         2d6       38%         3


Dungeon Overview and Level Annotations

Branches:
Dungeon (4/15)
 Temple: D:4-7

Altars:
Zin

Annotations:
D:4 Duvessa


Innate Abilities, Weirdness & Mutations

You have very sharp teeth.
Your uncanny sense of smell can sniff out nearby items.
Your experience applies equally to all skills.


Message History

You throw an atropa-tipped dart. The atropa-tipped dart hits Duvessa.
Duvessa appears confused.
Duvessa is moderately wounded. "...those who turn to unfaithfulness will be purified.
This was fair..."
You puncture Duvessa! You freeze Duvessa.
Duvessa is heavily wounded. "...and just, and not a voice dissented."
You finish reciting Apostates 7:2.
Duvessa closely misses you.
The orc priest shouts!
You hit Duvessa but do no damage. You bite Duvessa, but do no damage.
Duvessa is heavily wounded.
Duvessa seems less confused.
Duvessa misses you. Duvessa barely misses you.
You hit Duvessa but do no damage.
Duvessa is heavily wounded.
Duvessa completely misses you.
You hit Duvessa but do no damage.
Duvessa is heavily wounded.
Duvessa hits you with a +2 rapier of draining!
You feel drained. Duvessa barely misses you. The orc priest misses you.
You hit Duvessa. You freeze Duvessa.
Duvessa is heavily wounded.
Duvessa is no longer blind.
Duvessa hits you with a +2 rapier of draining!
You feel drained. The orc priest barely misses you.
You barely miss Duvessa. Your bite misses Duvessa.
Duvessa is heavily wounded.
Duvessa completely misses you.
Duvessa hits you with a +2 rapier of draining!
* * * LOW HITPOINT WARNING * * *
You feel drained.
The orc priest mumbles some strange prayers to Beogh against you.
Beogh smites you!
* * * LOW HITPOINT WARNING * * *
The orc priest attacks as you move away!
The orc priest hits you with a +3 war axe!
Zin protects you from harm! Duvessa barely misses you.
Duvessa hits you with a +2 rapier of draining!
You die...

## .# .# ## .# #. .# .... #.#
######## .# ...# #..##....... .#
#..### #e#...#..##.
.#######.>..######## #.#..e......
.#..............@e.###...#.#<..#.
.#.............#.o.(....(#...###.
#.............#.#.#####.#.#...#.
#.............#.#... ..#.#..###
#.............#.##.#.####.#.#...
#.............#.. .. .. ..#.#.##
#.............### #.# #####...#
#.............# .# ######
#.............# ## #...


You could see Duvessa (berserk) and an orc priest.

Vanquished Creatures
  Sigmund (D:3)
  3 wights
  Dowan (D:4)
  A hound (D:3)
  Crazy Yiuf (D:3)
  An iguana (D:3)
  Robin (D:3)
  3 adders
  A worm (D:4)
  3 dart slugs
  2 orcs (D:3)
  5 endoplasms
  2 giant cockroaches (D:3)
  13 goblins
  15 hobgoblins
  4 jackals
  9 ball pythons
  8 bats
  6 frilled lizards
  7 kobolds
  4 rats
91 creatures vanquished.

Notes
Turn   | Place    | Note
-------+----------+-------------------------------------------
     0 | D:1      | greenreed the Gnoll Monk began the quest for the Orb.
     0 | D:1      | Reached XP level 1. HP: 23/23 MP: 1/1
    21 | D:1      | Found a faded altar of an unknown god.
    47 | D:1      | Prayed at the altar of an unknown god.
    47 | D:1      | Became a worshipper of Zin the Law-Giver
    47 | D:1      | Reached * piety under Zin
    47 | D:1      | Reached ** piety under Zin
   116 | D:1      | Reached XP level 2. HP: 26/29 MP: 2/2
   271 | D:1      | Reached *** piety under Zin
   453 | D:1      | Reached XP level 3. HP: 35/35 MP: 3/3
   898 | D:1      | Reached skill level 1 in Invocations
  1315 | D:2      | Reached skill level 1 in Short Blades
  1315 | D:2      | Reached skill level 1 in Long Blades
  1315 | D:2      | Reached skill level 1 in Axes
  1315 | D:2      | Reached skill level 1 in Polearms
  1315 | D:2      | Reached skill level 1 in Staves
  1315 | D:2      | Reached skill level 1 in Slings
  1315 | D:2      | Reached skill level 1 in Bows
  1315 | D:2      | Reached skill level 1 in Crossbows
  1315 | D:2      | Reached skill level 1 in Throwing
  1315 | D:2      | Reached skill level 1 in Armour
  1315 | D:2      | Reached skill level 1 in Shields
  1315 | D:2      | Reached skill level 1 in Unarmed Combat
  1315 | D:2      | Reached skill level 1 in Spellcasting
  1315 | D:2      | Reached skill level 1 in Evocations
  1508 | D:2      | Reached **** piety under Zin
  1632 | D:2      | Reached XP level 4. HP: 41/41 MP: 5/5
  2014 | D:3      | Noticed Robin
  2048 | D:3      | Killed Robin
  2049 | D:3      | Reached skill level 1 in Conjurations
  2049 | D:3      | Reached skill level 1 in Hexes
  2049 | D:3      | Reached skill level 1 in Summonings
  2049 | D:3      | Reached skill level 1 in Necromancy
  2049 | D:3      | Reached skill level 1 in Translocations
  2049 | D:3      | Reached skill level 1 in Transmutations
  2049 | D:3      | Reached skill level 1 in Fire Magic
  2049 | D:3      | Reached skill level 1 in Ice Magic
  2049 | D:3      | Reached skill level 1 in Air Magic
  2049 | D:3      | Reached skill level 1 in Earth Magic
  2049 | D:3      | Reached skill level 1 in Poison Magic
  2293 | D:3      | Reached XP level 5. HP: 21/47 MP: 5/7
  2589 | D:3      | Noticed Sigmund
  3086 | D:3      | Killed Sigmund
  3087 | D:3      | Reached XP level 6. HP: 37/53 MP: 8/8
  3489 | D:3      | Found a runed translucent door.
  3490 | D:3      | Noticed Crazy Yiuf
  3498 | D:3      | Killed Crazy Yiuf
  4328 | D:4      | Noticed Duvessa
  4328 | D:4      | Noticed Dowan
  4336 | D:4      | Killed Dowan
  4838 | D:4      | Reached XP level 7. HP: 55/59 MP: 10/10
  5558 | D:4      | Zin protects you from harm!
  5867 | D:4      | HP: 1/43 [orc priest/divine providence (12)]
  5868 | D:4      | Zin protects you from harm!
  5869 | D:4      | Mangled by Duvessa

Illustrated notes

Levels and vault maps discovered:
D:1:      minmay_arrival_plants_in_alcoves, layout_basic,
          ebering_ecumenical_altar_webs
D:2:      minmay_wonky_spiral, layout_basic
D:3:      layout_basic, uniq_sigmund, uniq_robin, uniq_crazy_yiuf_cottage
D:4:      layout_basic, minmay_temple_entry_proselytizer, uniq_duvessa

Skill      XL: |  1  2  3  4  5  6  7 |
---------------+----------------------+-----
Invocations    | 1 2 |  2.7
Short Blades   | 1 2 |  2.4
Long Blades    | 1 2 |  2.4
Axes           | 1 2 |  2.4
Polearms       | 1 2 |  2.4
Staves         | 1 2 |  2.4
Slings         | 1 2 |  2.4
Bows           | 1 2 |  2.4
Crossbows      | 1 2 |  2.4
Throwing       | 1 2 |  2.4
Armour         | 1 2 |  2.4
Shields        | 1 2 |  2.4
Unarmed Combat | 1 2 |  2.4
Spellcasting   | 1 2 |  2.4
Evocations     | 1 2 |  2.4
Conjurations   | 1 2 |  2.0
Hexes          | 1 2 |  2.0
Summonings     | 1 2 |  2.0
Necromancy     | 1 2 |  2.0
Translocations | 1 2 |  2.0
Transmutations | 1 2 |  2.0
Fire Magic     | 1 2 |  2.0
Ice Magic      | 1 2 |  2.0
Air Magic      | 1 2 |  2.0
Earth Magic    | 1 2 |  2.0
Poison Magic   | 1 2 |  2.0
Fighting       | 7 |  7.0
Maces & Flails | 7 |  7.0
Dodging        | 7 |  7.0
Stealth        | |  4.9

Action                   |  1- 3 |  4- 6 |  7- 9 || total
-------------------------+-------+-------+-------++-------
Melee: Mace              |    31 |       |       ||    31
       Spear             |    65 |   144 |    41 ||   250
       Bite              |     4 |     7 |     3 ||    14
       Punch             |       |     3 |       ||     3
Throw: Dart              |       |       |     2 ||     2
Invok: Recite            |     1 |    11 |     4 ||    16
       Imprison          |       |       |     1 ||     1
  Use: Potion            |       |     1 |     1 ||     2
 Stab: Sleeping          |    15 |     8 |       ||    23
Armor: Robe              |     8 |    17 |       ||    25
Dodge: Dodged            |    44 |    79 |    39 ||   162

Table legend: (Time is in decaauts)
 A = Elapsed time spent in this place.
 B = Non-inter-level travel time spent in this place.
 C = Inter-level travel time spent in this place.
 D = Time resting spent in this place.
 E = Time spent auto-exploring this place.
 F = Levels seen in this place.
 G = Mean time per level.
                   A        B        C        D        E       F      G
               +--------+--------+--------+--------+--------+-----+--------+
         Total |   5866 |   5607 |    259 |   1673 |   3111 |   4 | 1466.5 |
       Dungeon |   5866 |   5607 |    259 |   1673 |   3111 |   4 | 1466.5 |
               +--------+--------+--------+--------+--------+-----+--------+

Top non-repeatable levels by time:
     D:3: 2314 daAuts
     D:2: 1987 daAuts
     D:1: 931 daAuts
     D:4: 633 daAuts
